 Dungeon Crawl Stone Soup version 0.20.1-1-g8b1a95d66d (webtiles) character file.

5427 CKAuHET the Covert (level 10, -7/54 (56) HPs)
             Began as a Spriggan Assassin on Nov 28, 2017.
             Was a Priest of Dithmenos.
             Mangled by a yak (11 damage)
             ... on level 8 of the Dungeon.
             The game lasted 01:23:30 (10918 turns).

CKAuHET the Covert (Spriggan Assassin)             Turns: 10918, Time: 01:23:31

HP:   -7/54 (56)    AC:  5    Str:  7    XL:     10   Next: 40%
MP:   11/11         EV: 26    Int: 12    God:    Dithmenos [***...]
Gold: 410           SH: 10    Dex: 22    Spells: 9/9 levels left

rFire    + + .     SeeInvis +   a - +3 dagger
rCold    . . .     Gourm    .   s - +2 buckler
rNeg     . . .     Faith    +   c - +0 robe
rPois    .         Spirit   .   (helmet restricted)
rElec    .         Reflect  .   p - +2 cloak
rCorr    .         Harm     .   (gloves unavailable)
MR       +....                  (boots unavailable)
Stlth    +++++++...             d - amulet of faith
Regen    0.2/turn               n - ring of protection from fire
MPRegen  0.2/turn               (no ring)

@: wreathed by umbra, very quick
A: unfitting armour, see invisible, fire resistance 1, herbivore 3, speed 3,
robust 1, slow metabolism 2
a: Shadow Step, Renounce Religion


You were on level 8 of the Dungeon.
You worshipped Dithmenos.
Dithmenos was most pleased with you.
You were not hungry.

You visited 1 branch of the dungeon, and saw 9 of its levels.
You also visited: Sewer.

You collected 410 gold pieces.

Inventory:

Hand Weapons
 a - a +3 dagger (weapon)
 b - a +0 blowgun
 u - the +1 flail "Laovufag" {freeze, *Noise rPois rF+ rC+++}
   (You found it on level 5 of the Dungeon)

   It has been specially enchanted to freeze those struck by it, causing extra
   injury to most foes and up to half again as much damage against particularly
   susceptible opponents.
   It can also slow down cold-blooded creatures.
   It protects you from fire.
   It renders you almost immune to cold.
   It protects you from poison.
   It may make noises in combat.
Missiles
 e - 39 poisoned needles
 h - a curare-tipped needle
Armour
 c - a +0 robe (worn)
 p - a +2 cloak (worn)
 s - a +2 buckler (worn)
Jewellery
 d - an amulet of faith (around neck)
 m - a -3 ring of intelligence
 n - a ring of protection from fire (left hand)
Wands
 k - a wand of iceblast (8/15)
Scrolls
 f - a scroll of magic mapping
 l - 8 scrolls of identify
 o - 3 scrolls of recharging
 r - 4 scrolls of amnesia
 x - a scroll of teleportation
Potions
 j - 2 potions of cancellation
 t - 3 potions of brilliance
 v - a potion of curing
 w - a potion of flight
Comestibles
 i - 6 fruits
 q - 2 royal jellies


   Skills:
 + Level 4.8 Fighting
 + Level 5.6 Short Blades
 + Level 5.5 Maces & Flails
 + Level 5.4 Throwing
 + Level 8.5 Dodging
 + Level 11.4 Stealth
 + Level 4.0 Shields


You had 9 spell levels left.
You didn't know any spells.

Dungeon Overview and Level Annotations

Branches:
Dungeon (9/15)             Temple (0/1) D:6
   Lair: D:8-11         Orc: D:9-12

Altars:
Dithmenos
Fedhas
Ru

Annotations:
D:7 monokles's ghost, novice DsNe


Innate Abilities, Weirdness & Mutations

You are very small and have problems with some larger weapons.
You are too small for most types of armour.
You have supernaturally acute eyesight. (SInv)
You are a herbivore.
You cover ground extremely quickly.
You need consume almost no food.
Your flesh is heat resistant. (rF+)
You are robust. (+10% HP)


Message History

You hit the yak but do no damage.
The yak is severely wounded.
You hit the yak.
The yak is severely wounded.
The yak closely misses you.
You completely miss the yak.
The yak is severely wounded.
You block the yak's attack.
You barely miss the yak.
The yak is severely wounded.
You hit the yak but do no damage.
The yak is severely wounded.
You block the yak's attack.
You hit the yak but do no damage.
The yak is severely wounded.
The yak closely misses you.
You hit the yak but do no damage.
The yak is severely wounded.
The yak gores you!
You die...

.# #......#####(.####.#.### #. .#
#.........##..# #.#.# #. .#
#.†.....[.##..# #.#.# #.
.###...†.....##..####.#.########.
.).)......#.............##.....#.
##<...................####.###...
##.###....#.####.###### #.# #...
##.# #.####.####.# #.###... ##.#
#.........Y@# #...)... ##.#
######.####[# ###.##..
##.########.####.### #.##..
.[))........##.....# #.##.#
...###########.#.#.#########.##.#
#### #.#.......).........
#.#.#.#######.####.#
#.....#######.####.#
###...........#....#


You could see a yak.

Vanquished Creatures
  A two-headed ogre (D:7)
  The ghost of MondaySad the Magician, a novice DrFE of Sif Muna (D:5)
  2 hippogriffs (D:8)
  4 yaks (D:9)
  A steam dragon (D:7)
  2 ice beasts
  An eye of draining (D:8)
  4 orc warriors
  4 phantoms
  6 ogres
  2 centaurs (D:8)
  3 bullfrogs
  A wyvern zombie (D:8)
  A wyvern skeleton (D:8)
  6 scorpions
  A bullfrog zombie (D:5)
  4 hounds
  2 jellies
  A crimson imp (D:5)
  A centaur skeleton (D:4)
  3 orc priests
  8 orc wizards
  4 iguanas
  7 worker ants
  A killer bee zombie (D:5)
  A worker ant zombie (D:5)
  3 gnolls
  6 adders
  6 shadow imps
  4 oozes
  An adder skeleton (D:6)
  3 adder zombies
  4 worms (Sewer)
  2 dart slugs
  7 leopard geckos
  37 orcs
  6 giant cockroaches
  10 goblins
  10 hobgoblins
  8 jackals
  16 kobolds
  6 quokkas
  2 ball pythons
  14 bats
  5 frilled lizards
  A leopard gecko skeleton (D:4)
  4 rats
227 creatures vanquished.

Notes
Turn   | Place    | Note
-------+----------+-------------------------------------------
     0 | D:1      | CKAuHET the Spriggan Assassin began the quest for the Orb.
     0 | D:1      | Reached XP level 1. HP: 10/10 MP: 2/2
    25 | D:1      | Reached skill level 6 in Stealth
   311 | D:1      | Reached XP level 2. HP: 14/14 MP: 3/3
   557 | D:1      | Reached skill level 7 in Stealth
  1147 | D:2      | Reached XP level 3. HP: 18/18 MP: 4/4
  1417 | D:2      | Gained mutation: Your body sometimes deteriorates upon taking damage. [potion of mutation]
  1417 | D:2      | Lost mutation: Your body sometimes deteriorates upon taking damage. [potion of mutation]
  1417 | D:2      | Gained mutation: You are robust. (+10% HP) [potion of mutation]
  1417 | D:2      | Gained mutation: Your flesh is heat resistant. (rF+) [potion of mutation]
  1418 | D:2      | Found a blossoming altar of Fedhas.
  1681 | D:2      | Reached XP level 4. HP: 24/24 MP: 5/5
  1945 | D:3      | Reached skill level 8 in Stealth
  2432 | D:3      | Reached XP level 5. HP: 28/28 MP: 6/6
  3024 | D:4      | Noticed an ogre
  3030 | D:4      | Reached skill level 9 in Stealth
  3289 | D:4      | Reached XP level 6. HP: 29/33 MP: 7/7
  4039 | D:5      | Entered Level 5 of the Dungeon
  4042 | D:5      | Noticed an ice beast
  4042 | D:5      | Noticed MondaySad's ghost (novice DrFE)
  4211 | D:5      | Reached XP level 7. HP: 38/38 MP: 8/8
  4452 | D:5      | Got a slimy flail
  4571 | D:5      | Reached skill level 5 in Dodging
  4571 | D:5      | Reached skill level 1 in Shields
  4672 | D:5      | Found a glowing drain.
  4676 | Sewer    | Entered a sewer
  4797 | Sewer    | Reached skill level 10 in Stealth
  5275 | Sewer    | Identified the cursed +1 flail "Laovufag" {freeze, *Noise rPois rF+ rC+++} (You found it on level 5 of the Dungeon)
  5615 | D:5      | Killed MondaySad's ghost
  5615 | D:5      | Reached skill level 5 in Short Blades
  5615 | D:5      | Reached skill level 1 in Maces & Flails
  5615 | D:5      | Reached XP level 8. HP: 41/44 MP: 9/9
  5810 | D:6      | Found a shadowy altar of Dithmenos.
  5818 | D:6      | Became a worshipper of Dithmenos the Shadowed
  6126 | D:6      | Found a staircase to the Ecumenical Temple.
  6774 | D:7      | Found a sacrificial altar of Ru.
  6960 | D:7      | Noticed a two-headed ogre
  6962 | D:7      | Noticed monokles's ghost (novice DsNe)
  6973 | D:6      | Noticed a rust devil
  6973 | D:6      | Noticed a rust devil
  7640 | D:6      | Reached * piety under Dithmenos
  8565 | D:7      | Reached XP level 9. HP: 44/47 MP: 10/10
  8711 | D:7      | Killed a two-headed ogre
  9010 | D:7      | Reached ** piety under Dithmenos
  9466 | D:8      | Reached skill level 11 in Stealth
  9633 | D:8      | Reached skill level 5 in Maces & Flails
  9763 | D:8      | Reached XP level 10. HP: 17/54 MP: 11/11
 10127 | D:8      | Reached *** piety under Dithmenos
 10573 | D:8      | Reached skill level 5 in Throwing
 10918 | D:8      | Mangled by a yak

Skill      XL: |  1  2  3  4  5  6  7  8  9 10 |
---------------+-------------------------------+-----
Stealth        | 6 7 8 9 10 11 | 11.4
Dodging        | 2 3 4 5 6 7 8 |  8.5
Short Blades   | 3 4 5 |  5.6
Fighting       | 2 3 4 |  4.8
Shields        | 1 3 4 |  4.0
Maces & Flails | 1 3 5 |  5.5
Throwing       | 3 4 5 |  5.4

Action                   |  1- 3 |  4- 6 |  7- 9 | 10-12 || total
-------------------------+-------+-------+-------+-------++-------
Melee: Dagger            |   119 |   164 |   403 |    93 ||   779
       Flail             |       |       |   340 |    81 ||   421
 Fire: Blowgun           |       |     9 |    57 |    54 ||   120
  Use: Scroll            |     7 |     1 |     5 |     1 ||    14
       Potion            |     2 |     7 |    13 |       ||    22
 Stab: Sleeping          |    13 |    20 |    18 |     3 ||    54
       Distracted        |     1 |     1 |     4 |     1 ||     7
  Eat: Bread ration      |       |     1 |     1 |       ||     2
Armor: Robe              |    17 |    11 |    53 |     5 ||    86
Dodge: Dodged            |    68 |    93 |   450 |    85 ||   696
Block: Buckler           |       |     2 |   255 |    45 ||   302
